[ AOE2 MATCH · #505448263 ]
UnrankedPoles vs Celts
Player's team · LOSS
Rival team · WIN
[ REPLAY ANALYSIS · EXTRACTED FROM THE RECORDED GAME ]
Feudal
9:40
Castle
23:23
Imperial
48:12
| APM avg | 59.9 |
| APM peak | 117 |
| eAPM avg | 38.4 |
| Villagers / military | 199 / 705 |
Focus
⚔️ 56.9% · 🌾 43.1%
Knight ×318 · Skirmisher ×161 · Scout Cavalry ×127 · Archer ×88 · Trebuchet (Packed) ×6 · Militia ×3
Feudal
9:41
Castle
24:58
Imperial
46:38
| APM avg | 40.2 |
| APM peak | 73 |
| eAPM avg | 19.8 |
| Villagers / military | 211 / 621 |
Focus
⚔️ 37.7% · 🌾 62.3%
Spearman ×403 · Woad Raider ×78 · Scorpion ×67 · Archer ×33 · Monk ×12 · Battering Ram ×9
Match map
Initial resources + every placement click. Lines = walls · curves = elevation contours. ◆ gold · ⬟ stone · ● berries · ✦ relic · ◌ wall gap
Your base· Open — unwalled flank
Apis's base· Open — unwalled flank
Smoothed initial terrain · ◌ = detected wall gap · hover for details
Inputs per minute
— Jaco - - Apis
Build order — Jaco
First 150 of 723 actions detected
| 0:00 | Create | Villager (Male) |
| 0:01 | Create | Villager (Male) |
| 0:02 | Build | House |
| 0:02 | Build | House |
| 0:05 | Create | Villager (Male) |
| 0:06 | Create | Villager (Male) |
| 1:23 | Create | Villager (Male) |
| 1:57 | Create | Villager (Male) |
| 2:10 | Create | Villager (Male) |
| 2:33 | Build | Lumber Camp |
| 2:44 | Create | Villager (Male) |
| 3:01 | Create | Villager (Male) |
| 3:30 | Create | Villager (Male) |
| 3:30 | Create | Villager (Male) |
| 3:51 | Build | House |
| 3:58 | Create | Villager (Male) |
| 4:21 | Create | Villager (Male) |
| 4:27 | Build | Mill |
| 4:31 | Create | Villager (Male) |
| 4:58 | Create | Villager (Male) |
| 5:48 | Create | Villager (Male) |
| 5:54 | Create | Villager (Male) |
| 5:55 | Create | Villager (Male) |
| 5:56 | Research | Loom |
| 6:24 | Build | Barracks |
| 7:06 | Build | Mining Camp |
| 7:26 | Research | Feudal Age |
| 7:26 | Research | Feudal Age |
| 7:53 | Create | Militia |
| 8:08 | Create | Villager (Male) |
| 8:18 | Create | Militia |
| 8:21 | Build | Farm |
| 8:30 | Create | Militia |
| 9:18 | Create | Villager (Male) |
| 9:40 | Age | Feudal Age |
| 9:46 | Build | Palisade Wall |
| 9:53 | Build | Palisade Wall |
| 9:55 | Build | Palisade Wall |
| 9:56 | Build | Palisade Wall |
| 9:57 | Build | Palisade Wall |
| 10:05 | Build | Watch Tower |
| 10:07 | Research | Man-at-Arms (upgrade) |
| 10:08 | Create | Villager (Male) |
| 10:12 | Research | Horse Collar |
| 10:18 | Build | Farm |
| 10:20 | Build | Farm |
| 10:42 | Create | Villager (Male) |
| 10:45 | Build | House |
| 11:14 | Build | Farm |
| 11:21 | Build | Palisade Wall |
| 11:21 | Build | Palisade Wall |
| 11:21 | Build | Palisade Wall |
| 11:22 | Build | Palisade Wall |
| 11:22 | Build | Palisade Wall |
| 11:23 | Build | Palisade Wall |
| 11:23 | Build | Palisade Wall |
| 11:23 | Build | Palisade Wall |
| 11:28 | Build | Watch Tower |
| 11:30 | Create | Villager (Male) |
| 11:38 | Build | Farm |
| 11:41 | Create | Villager (Male) |
| 11:51 | Build | Palisade Wall |
| 11:53 | Build | Palisade Wall |
| 12:00 | Build | Palisade Wall |
| 12:01 | Build | Palisade Wall |
| 12:02 | Build | Palisade Wall |
| 12:28 | Create | Villager (Male) |
| 12:41 | Build | Archery Range |
| 12:50 | Create | Villager (Male) |
| 12:52 | Build | Palisade Wall |
| 12:54 | Build | Palisade Wall |
| 13:03 | Build | Watch Tower |
| 13:14 | Create | Villager (Male) |
| 13:28 | Create | Villager (Male) |
| 13:29 | Create | Skirmisher |
| 13:29 | Create | Archer |
| 13:31 | Create | Skirmisher |
| 13:40 | Create | Villager (Male) |
| 13:40 | Create | Villager (Male) |
| 14:13 | Build | House |
| 14:33 | Build | Watch Tower |
| 14:57 | Create | Villager (Male) |
| 15:05 | Create | Skirmisher |
| 15:05 | Create | Skirmisher |
| 15:09 | Create | Villager (Male) |
| 15:26 | Build | House |
| 15:33 | Build | House |
| 15:58 | Create | Skirmisher |
| 15:59 | Create | Villager (Male) |
| 16:16 | Create | Villager (Male) |
| 16:35 | Build | Mining Camp |
| 16:37 | Create | Villager (Male) |
| 17:00 | Create | Skirmisher |
| 17:30 | Create | Villager (Male) |
| 17:33 | Build | Mill |
| 17:36 | Create | Spearman |
| 17:50 | Build | Farm |
| 17:51 | Build | Farm |
| 17:51 | Build | Farm |
| 17:51 | Build | Farm |
| 17:51 | Build | Farm |
| 17:52 | Build | Farm |
| 17:54 | Build | Farm |
| 18:02 | Create | Villager (Male) |
| 18:17 | Build | Farm |
| 18:26 | Create | Villager (Male) |
| 18:31 | Build | Farm |
| 18:32 | Create | Villager (Male) |
| 18:45 | Build | Farm |
| 19:09 | Create | Villager (Male) |
| 19:29 | Create | Skirmisher |
| 19:32 | Build | Blacksmith |
| 19:37 | Create | Villager (Male) |
| 19:55 | Create | Skirmisher |
| 20:43 | Research | Castle Age |
| 22:02 | Research | Double-Bit Axe |
| 22:22 | Build | House |
| 23:01 | Create | Villager (Male) |
| 23:01 | Create | Villager (Male) |
| 23:23 | Age | Castle Age |
| 23:25 | Build | Town Center |
| 23:28 | Research | Heavy Plow |
| 23:32 | Research | Bow Saw |
| 23:35 | Build | Town Center |
| 23:51 | Create | Villager (Male) |
| 24:19 | Create | Villager (Male) |
| 24:19 | Create | Villager (Male) |
| 24:25 | Create | Villager (Male) |
| 24:25 | Create | Villager (Male) |
| 24:47 | Build | Farm |
| 24:49 | Create | Villager (Male) |
| 24:49 | Create | Villager (Male) |
| 24:54 | Build | Castle |
| 25:03 | Create | Villager (Male) |
| 25:03 | Create | Villager (Male) |
| 25:12 | Build | Stable |
| 25:21 | Create | Villager (Male) |
| 25:21 | Create | Villager (Male) |
| 25:40 | Build | Farm |
| 25:44 | Create | Villager (Male) |
| 25:45 | Create | Villager (Male) |
| 26:09 | Create | Villager (Male) |
| 26:24 | Build | Market |
| 26:33 | Create | Villager (Male) |
| 26:50 | Research | Bloodlines |
| 26:51 | Research | Bloodlines |
| 26:57 | Research | Szlachta Privileges |
| 27:08 | Build | Farm |
| 27:09 | Build | Farm |
| 27:13 | Create | Villager (Male) |
Build order — Apis
First 150 of 654 actions detected
| 0:00 | Create | Villager (Male) |
| 0:01 | Create | Villager (Male) |
| 0:01 | Create | Villager (Male) |
| 0:01 | Create | Villager (Male) |
| 0:03 | Build | House |
| 0:04 | Build | House |
| 1:25 | Create | Villager (Male) |
| 1:51 | Build | Lumber Camp |
| 2:06 | Create | Villager (Male) |
| 2:06 | Create | Villager (Male) |
| 2:19 | Create | Villager (Male) |
| 2:51 | Create | Villager (Male) |
| 2:51 | Create | Villager (Male) |
| 3:08 | Create | Villager (Male) |
| 3:43 | Create | Villager (Male) |
| 3:54 | Build | House |
| 4:04 | Build | House |
| 4:13 | Create | Villager (Male) |
| 4:13 | Create | Villager (Male) |
| 4:49 | Create | Villager (Male) |
| 4:50 | Create | Villager (Male) |
| 5:33 | Create | Villager (Male) |
| 5:44 | Build | Mill |
| 5:53 | Create | Villager (Male) |
| 6:05 | Build | Barracks |
| 6:14 | Create | Villager (Male) |
| 6:53 | Research | Loom |
| 6:59 | Build | Mining Camp |
| 7:31 | Research | Feudal Age |
| 7:59 | Create | Militia |
| 8:26 | Create | Militia |
| 8:26 | Create | Militia |
| 8:46 | Create | Militia |
| 9:03 | Create | Villager (Male) |
| 9:16 | Build | House |
| 9:17 | Build | House |
| 9:41 | Age | Feudal Age |
| 9:45 | Research | Man-at-Arms (upgrade) |
| 9:45 | Research | Man-at-Arms (upgrade) |
| 9:59 | Create | Villager (Male) |
| 10:08 | Create | Villager (Male) |
| 10:12 | Build | Archery Range |
| 10:20 | Research | Double-Bit Axe |
| 10:24 | Build | Palisade Wall |
| 10:34 | Create | Villager (Male) |
| 10:41 | Create | Militia |
| 10:42 | Create | Militia |
| 11:15 | Create | Villager (Male) |
| 11:19 | Build | House |
| 11:22 | Build | House |
| 11:30 | Create | Archer |
| 11:44 | Build | Watch Tower |
| 11:53 | Build | Watch Tower |
| 12:17 | Create | Archer |
| 12:17 | Create | Archer |
| 12:25 | Build | Farm |
| 12:48 | Create | Villager (Male) |
| 12:53 | Build | Farm |
| 12:54 | Build | Farm |
| 12:55 | Build | Farm |
| 13:05 | Create | Villager (Male) |
| 13:32 | Create | Villager (Male) |
| 13:40 | Build | Farm |
| 13:41 | Build | Farm |
| 14:00 | Create | Archer |
| 14:01 | Create | Archer |
| 14:09 | Create | Villager (Male) |
| 14:13 | Build | Farm |
| 14:16 | Build | Farm |
| 14:26 | Build | Mining Camp |
| 14:37 | Create | Villager (Male) |
| 14:45 | Create | Archer |
| 15:07 | Create | Villager (Male) |
| 15:11 | Create | Archer |
| 15:13 | Build | Farm |
| 15:16 | Build | Farm |
| 15:18 | Build | Lumber Camp |
| 15:27 | Create | Villager (Male) |
| 15:52 | Create | Villager (Male) |
| 15:55 | Create | Archer |
| 16:05 | Build | Blacksmith |
| 16:14 | Create | Villager (Male) |
| 16:22 | Create | Villager (Male) |
| 16:46 | Build | Farm |
| 16:49 | Build | Farm |
| 16:58 | Create | Villager (Male) |
| 17:22 | Research | Fletching |
| 17:22 | Research | Fletching |
| 17:33 | Create | Villager (Male) |
| 17:33 | Create | Villager (Male) |
| 17:35 | Create | Archer |
| 17:35 | Create | Archer |
| 17:45 | Build | Farm |
| 17:53 | Build | Palisade Wall |
| 18:00 | Research | Town Watch |
| 18:03 | Create | Villager (Male) |
| 18:13 | Create | Villager (Male) |
| 18:25 | Build | Archery Range |
| 18:42 | Create | Villager (Male) |
| 18:46 | Create | Archer |
| 19:01 | Create | Villager (Male) |
| 19:05 | Build | House |
| 19:15 | Build | Farm |
| 19:18 | Create | Villager (Male) |
| 19:29 | Build | House |
| 19:31 | Create | Archer |
| 19:32 | Create | Archer |
| 19:36 | Build | House |
| 19:37 | Build | House |
| 20:00 | Create | Villager (Male) |
| 20:03 | Create | Archer |
| 20:03 | Create | Archer |
| 20:04 | Create | Archer |
| 20:21 | Create | Villager (Male) |
| 20:38 | Create | Villager (Male) |
| 20:42 | Build | Market |
| 20:45 | Create | Villager (Male) |
| 20:54 | Build | House |
| 20:55 | Build | House |
| 21:04 | Create | Archer |
| 21:04 | Create | Archer |
| 21:38 | Build | Stable |
| 21:45 | Build | Farm |
| 22:02 | Build | Farm |
| 22:18 | Research | Castle Age |
| 22:22 | Create | Archer |
| 22:22 | Create | Archer |
| 22:37 | Build | Farm |
| 22:49 | Build | Farm |
| 22:51 | Research | Horse Collar |
| 22:56 | Build | Farm |
| 23:01 | Create | Scout Cavalry |
| 23:14 | Build | Farm |
| 23:45 | Research | Scale Barding Armor |
| 23:45 | Research | Scale Barding Armor |
| 24:13 | Create | Villager (Male) |
| 24:58 | Age | Castle Age |
| 25:01 | Research | Crossbowman (upgrade) |
| 25:14 | Research | Padded Archer Armor |
| 25:15 | Research | Bodkin Arrow |
| 25:15 | Research | Bodkin Arrow |
| 25:26 | Create | Villager (Male) |
| 25:31 | Build | Town Center |
| 25:41 | Create | Villager (Male) |
| 25:54 | Create | Knight |
| 25:55 | Create | Knight |
| 26:13 | Create | Villager (Male) |
| 26:13 | Create | Villager (Male) |
| 26:29 | Create | Villager (Male) |
| 26:38 | Create | Archer |
Match timeline
| 6:05 | Apis · first_building Barracks |
| 6:24 | Jaco · first_building Barracks |
| 9:40 | Jaco · age_up feudal |
| 9:41 | Apis · age_up feudal |
| 9:46 | Jaco · wall_segment Palisade Wall x1 |
| 9:53 | Jaco · wall_segment Palisade Wall x1 |
| 9:55 | Jaco · wall_segment Palisade Wall x1 |
| 9:56 | Jaco · wall_segment Palisade Wall x1 |
| 9:57 | Jaco · wall_segment Palisade Wall x1 |
| 10:12 | Apis · first_building Archery Range |
| 10:24 | Apis · wall_segment Palisade Wall x1 |
| 11:21 | Jaco · wall_segment Palisade Wall x1 |
| 11:21 | Jaco · wall_segment Palisade Wall x1 |
| 11:21 | Jaco · wall_segment Palisade Wall x1 |
| 11:22 | Jaco · wall_segment Palisade Wall x1 |
| 11:22 | Jaco · wall_segment Palisade Wall x1 |
| 11:23 | Jaco · wall_segment Palisade Wall x1 |
| 11:23 | Jaco · wall_segment Palisade Wall x1 |
| 11:23 | Jaco · wall_segment Palisade Wall x1 |
| 11:51 | Jaco · wall_segment Palisade Wall x1 |
| 11:53 | Jaco · wall_segment Palisade Wall x1 |
| 12:00 | Jaco · wall_segment Palisade Wall x1 |
| 12:01 | Jaco · wall_segment Palisade Wall x1 |
| 12:02 | Jaco · wall_segment Palisade Wall x1 |
| 12:41 | Jaco · first_building Archery Range |
| 12:52 | Jaco · wall_segment Palisade Wall x1 |
| 12:54 | Jaco · wall_segment Palisade Wall x1 |
| 17:53 | Apis · wall_segment Palisade Wall x8 |
| 21:38 | Apis · first_building Stable |
| 21:50 | Apis · first_market_sell 100 wood |
| 23:23 | Jaco · age_up castle |
| 23:43 | Apis · first_market_buy 100 food |
| 24:54 | Jaco · first_building Castle |
| 24:58 | Apis · age_up castle |
| 25:12 | Jaco · first_building Stable |
| 26:57 | Jaco · first_market_buy 100 food |
| 27:03 | Apis · first_building Castle |
| 27:46 | Apis · first_building Siege Workshop |
| 29:40 | Apis · first_building Monastery |
| 30:41 | Jaco · first_market_sell 100 wood |
| 46:38 | Apis · age_up imperial |
| 48:12 | Jaco · age_up imperial |
| 74:51 | Jaco · resign |
[ AI ANALYSIS · 1 CREDIT ]
What really happened in this match?
Wolo.gg analyzes every decision: build order, eco, micro, common mistakes by bracket. Personalized analysis on WhatsApp or Discord in 30 seconds.
Civ guide
Poles
Perfil
Jugador #1470140